AoeStats
← Ulu_get

Arabia

510318189Analyzed
1v1 RM · 8h ago on Sep 30, 2026· 44m 39s· 2 players
Game mode
Random Map
Map size
Tiny (2 player)
Population
200
Speed
Normal
Resources
Standard
Victory
Conquest
Starting age
Dark Age
Ending age
Imperial Age
RankedLock teamsTeams togetherTeam positionsShared explorationLock speedFull tech treeHidden civsTurbo modeCheats
Victory
Defeat
🇹🇷 Italians · Türkiye
1310
+15
🇵🇪 Koreans · Peru
1286
-15
[NOGG] Ivan
6:42 Loom
9:43 Feudal Age
10:18 Double-Bit Axe
10:22 Horse Collar
17:44 Fletching
19:41 Wheelbarrow
24:13 Castle Age
22:56 Gold Mining
24:18 Crossbowman
24:54 Bodkin Arrow
28:03 Town Watch
31:18 Ballistics
33:59 Imperial Age
32:32 Bow Saw
34:13 Arbalester
35:01 Bracer
38:06 Chemistry
39:49 Heavy Plow
Ulu_get
7:31 Loom
7:52 Loom
9:49 Feudal Age
10:41 Double-Bit Axe
11:40 Horse Collar
14:01 Fletching
17:04 Padded Archer Armor
20:54 Castle Age
18:58 Padded Archer Armor
19:51 Gold Mining
21:01 Crossbowman
21:55 Bodkin Arrow
25:32 Wheelbarrow
25:19 Bow Saw
26:45 Leather Archer Armor
27:29 Ballistics
29:19 Stone Mining
30:41 Scale Barding Armor
31:59 Stone Shaft Mining
31:13 Town Watch
31:43 Bloodlines
31:33 Husbandry
31:50 Forging
33:27 Chain Barding Armor
37:57 Imperial Age
36:12 Town Patrol
36:58 Iron Casting
38:44 Hand Cart
38:40 Thumb Ring
39:02 Conscription
38:11 Arbalester
38:57 Bracer
40:26 Hoardings
41:34 Chemistry
41:48 Elite Skirmisher
42:33 Light Cavalry
43:14 Husbandry
43:52 Masonry
43:39 Murder Holes
44:52 Blast Furnace
44:25 Ring Archer Armor
45:06 Two-Man Saw
Connection lost

Rejoining the realm…

Still unreachable

The connection could not be restored.

Session expired

The server has moved on; the page needs a fresh start.